 Dungeon Crawl Stone Soup version 0.27.0-1-g7a089689b8 (webtiles) character file.

Game seed: 10094640901842912358

175 Sin92 the Skirmisher (level 5, -2/41 HPs)
             Began as a Demonspawn Fighter on Aug 3, 2021.
             Splashed by a jelly's acid (3 damage)
             ... on level 3 of the Dungeon.
             The game lasted 00:03:27 (2987 turns).

Sin92 the Skirmisher (Demonspawn Fighter)           Turns: 2987, Time: 00:03:28

Health: -2/41      AC: -3    Str: 17    XL:     5   Next: 29%
Magic:  5/5        EV:  7    Int: 10    God:
Gold:   131        SH:  9    Dex: 12    Spells: 4/4 levels left

rFire    . . .     SeeInvis .   a - +1 war axe
rCold    . . .     Faith    +   c - +0 kite shield
rNeg     . . .     Spirit   .   b - +0 scale mail
rPois    .         Reflect  .   (no helmet)
rElec    .         Harm     .   j - +0 cloak
rCorr    .         Rampage  .   (no gloves)
Will     .....                  (no boots)
Stlth    ..........             o - amulet of faith
HPRegen  0.13/turn              (no ring)
MPRegen  0.09/turn              (no ring)

@: corroded
A: ignite blood 1, powered by death 1
a: no special abilities


You were on level 3 of the Dungeon.
You visited 1 branch of the dungeon, and saw 3 of its levels.

You collected 131 gold pieces.

Inventory:

Hand Weapons
 a - a +1 war axe (weapon)
Missiles
 e - 4 javelins (quivered)
Armour
 b - a +0 scale mail (worn)
 c - a +0 kite shield (worn)
 j - a +0 cloak (worn)
Jewellery
 o - an amulet of faith (around neck)
Scrolls
 g - a scroll of amnesia
 h - a scroll of identify
 k - 4 scrolls of teleportation
Potions
 d - 2 potions of might
 f - a potion of haste
 i - a potion of cancellation
 l - a potion of degeneration
 m - a potion of flight {unknown}
 n - a potion of curing {unknown}


   Skills:
 + Level 3.6 Fighting
 * Level 3.3 Axes
 + Level 3.2 Armour
 + Level 1.5 Dodging
 + Level 3.3 Shields


You had 4 spell levels left.
You didn't know any spells.
Your spell library contained the following spells:

 Spells                   Type           Power      Damage    Failure   Level
 Corpse Rot               Necr/Air       N/A        N/A       100%        2
 Poisonous Vapours        Pois/Air       0%         N/A       100%        2
 Ozocubu's Armour         Ice            0%         N/A       100%        3
 Freezing Cloud           Conj/Ice/Air   0%         6-21      100%        5
 Metabolic Englaciation   Hex/Ice        0%         N/A       100%        5
 Simulacrum               Ice/Necr       0%         N/A       100%        6


Dungeon Overview and Level Annotations

Branches:
Dungeon (3/15)

Altars:

Shops:
D:1 =


Innate Abilities, Weirdness & Mutations

Your demonic aura sometimes causes spilled blood to erupt in flames.
You regenerate a little health from kills.


Message History

The jelly is moderately wounded.
You block the jelly's attack.
You slash the jelly! The acid corrodes you!
Your hands burn!
The jelly is heavily wounded.
The jelly closely misses you. The jelly hits you but does no damage.
Unknown command.
A jelly is nearby!
You hit the jelly but do no damage.
Your hands burn!
The jelly is heavily wounded.
You block the jelly's attack.
A jelly is nearby!
Unknown command.
You slash the jelly!
Your hands burn!
The jelly is severely wounded.
The jelly hits you. The acid corrodes you!
You are splashed with acid.
You block the jelly's attack.
A jelly is nearby!
Unknown command.
You are too injured to fight recklessly!
Unknown command.
A jelly is nearby!
You are too injured to fight recklessly!
Unknown command.
A jelly is nearby!
You are too injured to fight recklessly!
Unknown command.
A jelly is nearby!
You hit the jelly but do no damage.
Your hands burn!
The jelly is severely wounded.
You block the jelly's attack.
You hit the jelly but do no damage.
Your hands burn!
* * * LOW HITPOINT WARNING * * *
The jelly is severely wounded.
You block the jelly's attack. The jelly hits you.
* * * LOW HITPOINT WARNING * * *
You are splashed with acid!
* * * LOW HITPOINT WARNING * * *
Okay, then.
You slash the jelly! The acid corrodes you!
Your hands burn!
You die...

#.# #.#..####
#.............. #.# #.#...#
#..............
#.####.###.#
####...#..........
#....#.....#
#.................
######.####..#
#.##.###..........
.#####.####..#
#.##+#............
.......#.....#
#.#........###...#
.#######.###'###'#...##..##
###.. .....#
#........@J.......# ##.
####.###................##
#. #.................##<#
#. #..............##.##.#
#. #..............##....#
#. ##.............#######
#. #####.........# ##
#.........# #..)......#


You could see a jelly.

Vanquished Creatures
  An orc priest (D:2)
  Terence (D:3)
  4 adders (D:2)
  2 worms (D:2)
  A dart slug (D:1)
  4 orcs
  6 ball pythons
  4 endoplasms
  2 giant cockroaches (D:2)
  3 goblins
  6 hobgoblins
  16 jackals
  A quokka (D:2)
  5 bats
  4 frilled lizards
  4 kobolds
  5 rats
69 creatures vanquished.

Vanquished Creatures (others)
  A fungus (D:1)
  A plant (D:1)
2 creatures vanquished.

Grand Total: 71 creatures vanquished

Notes
Turn   | Place    | Note
-------+----------+-------------------------------------------
     0 | D:1      | Sin92 the Demonspawn Fighter began the quest for the Orb.
     0 | D:1      | Reached XP level 1. HP: 18/18 MP: 1/1
     2 | D:1      | Noticed a formicid
     4 | D:1      | Noticed a spriggan
     4 | D:1      | Noticed a vine stalker
     6 | D:1      | Noticed a djinni
     6 | D:1      | Noticed a troll
     8 | D:1      | Noticed a tengu
     8 | D:1      | Noticed a merfolk
    10 | D:1      | Noticed a ghoul
    10 | D:1      | Noticed a dwarf
    12 | D:1      | Noticed a demigod
    14 | D:1      | Noticed an octopode
    14 | D:1      | Noticed a barachi
    16 | D:1      | Noticed a human
    16 | D:1      | Noticed a palentonga
    18 | D:1      | Noticed an ogre
    20 | D:1      | Noticed a naga
    20 | D:1      | Noticed an elf
    22 | D:1      | Noticed a felid
    22 | D:1      | Noticed a gargoyle
    24 | D:1      | Noticed a draconian
    24 | D:1      | Noticed a vampire
    26 | D:1      | Noticed a minotaur
    26 | D:1      | Noticed a demonspawn
    58 | D:1      | Found Otaykal's Jewellery Shop.
   207 | D:1      | Gained mutation: Your demonic aura sometimes causes spilled
                  | blood to erupt in flames. [demonic ancestry]
   207 | D:1      | Reached XP level 2. HP: 19/24 MP: 2/2
   427 | D:1      | Found a faded altar of an unknown god.
  1120 | D:2      | Reached XP level 3. HP: 29/29 MP: 3/3
  1196 | D:2      | Reached skill level 1 in Dodging
  1217 | D:2      | Gained mutation: You regenerate a little health from kills.
                  | [demonic ancestry]
  1217 | D:2      | Reached XP level 4. HP: 5/35 MP: 4/4
  2451 | D:3      | Reached XP level 5. HP: 41/41 MP: 5/5
  2588 | D:3      | Noticed Terence
  2606 | D:3      | Killed Terence
  2986 | D:3      | HP: 1/41 [acid (7)]
  2987 | D:3      | Splashed by a jelly's acid

Illustrated notes

Levels and vault maps discovered:
D:1:      kb_arrival_jail, layout_basic, serial_shops, shop,
          dreamdust_ecumenical_altar_grove, serial_bayou_pond_a,
          minmay_tetromino_s4
D:2:      layout_basic, chequers_serial_rivers_micro_e, kennysheep_another_room,
          minmay_surrounded
D:3:      layout_basic, uniq_terence

Skill      XL: |  1  2  3  4 |
---------------+-------------+-----
Axes           | 2 3 |  3.3
Armour         | 3 |  3.2
Dodging        | 1 |  1.5
Shields        | 3 |  3.3
Fighting       | |  3.6

Action                   |  1- 3 |  4- 6 || total
-------------------------+-------+-------++-------
Melee: War axe           |    79 |   105 ||   184
  Use: Scroll            |     5 |     3 ||     8
Armor: Scale mail        |    44 |    59 ||   103
Dodge: Dodged            |    34 |    47 ||    81
Block: Kite shield       |    42 |    79 ||   121
